 Dungeon Crawl Stone Soup version 0.25.0-10-g039870ee82 (webtiles) character file.

Game seed: 13549967566091816407

218 Esekla the Charmwright (level 5, -4/25 HPs)
             Began as a Spriggan Skald on June 23, 2020.
             Was a Follower of Elyvilon.
             Killed by nerve-wracking pain
             ... invoked by a shadow imp
              (5 damage)
             ... on level 6 of the Dungeon.
             The game lasted 00:23:34 (2680 turns).

Esekla the Charmwright (Spriggan Skald)             Turns: 2680, Time: 00:23:35

Health: -4/25      AC:  2    Str:  7    XL:     5   Next: 63%
Magic:  0/11       EV: 20    Int: 16    God:    Elyvilon [*.....]
Gold:   116        SH:  0    Dex: 15    Spells: 5/10 levels left

rFire    . . .     SeeInvis +   a - +0 falchion
rCold    . . .     Gourm    .   (shield restricted)
rNeg     + . .     Faith    .   b - +0 robe
rPois    .         Spirit   .   (helmet restricted)
rElec    .         Reflect  .   g - scarf {+Inv}
rCorr    .         Harm     .   (gloves unavailable)
MR       .....                  (boots unavailable)
Stlth    ++........             (no amulet)
HPRegen  0.08/turn              q - ring of positive energy (curse)
MPRegen  0.12/turn              (no ring)

@: mighty, infused, very slightly contaminated, very quick
A: very small, unfitting armour, see invisible, herbivore, speed 3, slow
metabolism 2
a: Lesser Healing, Divine Protection, Renounce Religion, Evoke Invisibility


You were on level 6 of the Dungeon.
You worshipped Elyvilon.
Elyvilon was aware of your devotion.
You were not hungry.

You visited 1 branch of the dungeon, and saw 6 of its levels.

You collected 116 gold pieces.

Inventory:

Hand Weapons
 a - a +0 falchion (weapon)
 t - the +6 hunting sling "Liohohi" {vorpal, *Corrode rF++ Int+5}
   (You found it on level 4 of the Dungeon)

   Any stone fired from it inflicts extra damage.
   It affects your intelligence (+5).
   It greatly protects you from fire.
   It may corrode you when you take damage.
 v - a +1 dagger of venom
Missiles
 i - 10 poisoned darts (quivered)
Armour
 b - a +0 robe (worn)
 g - a scarf of invisibility (worn)
Jewellery
 e - an uncursed ring of fire
 q - a cursed ring of positive energy (left hand)
Scrolls
 f - a scroll of enchant armour {unknown}
 k - a scroll of enchant weapon {unknown}
 m - a scroll of random uselessness {unknown}
 n - a scroll of teleportation {unknown}
 o - a scroll of magic mapping {unknown}
 p - a scroll of noise {unknown}
Potions
 h - a potion of magic {unknown}
 j - a potion of flight
 l - a potion of might
 r - a potion of haste {unknown}
 s - a potion of lignification
Comestibles
 d - 5 rations


   Skills:
 - Level 1.6 Fighting
 + Level 0.2(2.0) Short Blades
 + Level 2.4(2.5) Long Blades
 + Level 0.8 Throwing
 * Level 4.9 Dodging
 + Level 1.7 Stealth
 + Level 3.4 Spellcasting
 + Level 5.3 Charms
 * Level 2.0 Translocations
 * Level 2.9 Evocations


You had 5 spell levels left.
You knew the following spells:

 Your Spells              Type           Power        Failure   Level  Hunger
a - Infusion              Chrm           ###.         1%          1    None
g - Shroud of Golubria    Chrm/Tloc      ##....       6%          2    ##.....
s - Song of Slaying       Chrm           ###.....     3%          2    ##.....

Your spell library contained the following spells:

 Spells                   Type           Power        Failure   Level  Hunger
 Ozocubu's Armour         Chrm/Ice       ##......     19%         3    ###....
 Spectral Weapon          Hex/Chrm       ##......     19%         3    ###....


Dungeon Overview and Level Annotations

Branches:
Dungeon (6/15)
 Temple: D:4-7

Altars:
Elyvilon
Okawaru

Annotations:
D:4 2 transporters


Innate Abilities, Weirdness & Mutations

You are very small and have problems with some larger weapons.
You are too small for most types of armour.
You have supernaturally acute eyesight. (SInv)
You are a herbivore.
You cover ground extremely quickly.
You need to consume almost no food.


Message History

Elyvilon protects you from harm! The shadow imp misses you.
You riposte.
You closely miss the shadow imp. The centaur barely misses you.
Okay, then.
You slash the centaur!
The centaur is almost dead.
The shadow imp completely misses you. The centaur completely misses you.
The shadow imp misses you.
You slash the centaur!
You kill the centaur!
Your Translocations skill increases to level 2!
You have reached level 5!
You feel clever. The shadow imp barely misses you.
You hit the shadow imp.
The shadow imp is lightly wounded.
The shadow imp shouts, "Out, out, thou fobbing fly-bitten buzzard-bait!"
The shadow imp gestures at you. Pain shoots through your body!
You die...

#... . #..###.....
###..#.......
...........
######..#.##.######
.......<#.........#.
#####...#...>.......
# ##......5.......
..$..#.#'##@)......
###....(..(.####.##
#..............#
#.........######
#.........#
#.........#
#.........#
#.........#
#..........


You could see a shadow imp.

Vanquished Creatures
  A centaur (D:6)
  A bullfrog skeleton (D:4)
  A worker ant (D:5)
  A howler monkey skeleton (D:4)
  2 adders (D:2)
  A shadow imp (D:5)
  2 oozes (D:2)
  An adder skeleton (D:4)
  2 worms
  A dart slug (D:1)
  3 leopard geckos
  5 bats
  2 giant cockroaches (D:1)
  2 goblins (D:1)
  3 hobgoblins
  A frilled lizard (D:2)
  A kobold (D:1)
  3 rats
33 creatures vanquished.

Notes
Turn   | Place    | Note
-------+----------+-------------------------------------------
     0 | D:1      | Esekla the Spriggan Skald began the quest for the Orb.
     0 | D:1      | Reached XP level 1. HP: 10/10 MP: 5/5
    57 | D:1      | Reached XP level 2. HP: 7/14 MP: 6/6
   219 | D:1      | Learned a level 2 spell: Song of Slaying
   222 | D:1      | Learned a level 2 spell: Shroud of Golubria
   615 | D:2      | Reached skill level 5 in Charms
   714 | D:2      | Found an iron altar of Okawaru.
   777 | D:2      | Reached XP level 3. HP: 13/18 MP: 5/8
  1022 | D:2      | Reached skill level 1 in Evocations
  1094 | D:2      | Found a white marble altar of Elyvilon.
  1102 | D:2      | Became a worshipper of Elyvilon the Healer
  1582 | D:4      | Found a transporter.
  1685 | D:5      | Entered Level 5 of the Dungeon
  1697 | D:5      | Noticed an ogre
  1726 | D:5      | Reached * piety under Elyvilon
  1836 | D:4      | Reached XP level 4. HP: 22/22 MP: 9/9
  1839 | D:4      | Found a transporter.
  1842 | D:4      | Noticed a fire bat
  1876 | D:5      | Noticed an ogre
  2117 | D:4      | Reached skill level 1 in Translocations
  2218 | D:4      | Got a scorched hunting sling
  2222 | D:4      | Identified the +6 hunting sling "Liohohi" {vorpal, *Corrode
                  | rF++ Int+5} (You found it on level 4 of the Dungeon)
  2393 | D:4      | Reached skill level 1 in Stealth
  2660 | D:6      | Noticed a centaur
  2676 | D:6      | HP: 1/22 [centaur (8)]
  2677 | D:6      | Elyvilon protects you from harm!
  2679 | D:6      | Killed a centaur
  2679 | D:6      | Reached XP level 5. HP: 1/25 MP: 1/11
  2680 | D:6      | Killed from afar by a shadow imp

Illustrated notes

Levels and vault maps discovered:
D:1:      lightli_arrival_windingriver, layout_basic, minmay_bisected
D:2:      layout_loops_ring, lemuel_coloured_pillars_altar,
          okawaru_metal_pillars_3
D:3:      layout_rooms, gammafunk_ghost_stat_death,
          grunt_dithmenos_smoke_and_mirrors
D:4:      gammafunk_cloud_chamber, layout_cave_pods, first_ration
D:5:      layout_cave_pools
D:6:      layout_basic, ashenzari_altar_1

Skill      XL: |  1  2  3  4 |
---------------+-------------+-----
Dodging        | 4 |  4.9
Charms         | 5 |  5.3
Evocations     | 1 2 |  2.9
Long Blades    | 2 |  2.4
Spellcasting   | 3 |  3.4
Translocations | 2 |  2.0
Stealth        | 1 |  1.7
Fighting       | |  1.6
Short Blades   | |  0.2
Throwing       | |  0.8

Action                   |  1- 3 |  4- 6 || total
-------------------------+-------+-------++-------
Melee: Falchion          |    83 |    22 ||   105
       Short sword       |     1 |       ||     1
       Dagger            |     1 |     6 ||     7
Throw: Dart              |    23 |     8 ||    31
 Cast: Shroud of Golubri |    12 |     5 ||    17
       Infusion          |     2 |     2 ||     4
  Use: Scroll            |       |     4 ||     4
       Potion            |       |     2 ||     2
 Stab: Sleeping          |     2 |     1 ||     3
       Distracted        |     1 |       ||     1
  Eat: Ration            |       |     1 ||     1
Armor: Robe              |    13 |       ||    13
Dodge: Dodged            |    95 |    51 ||   146
       Rpst.: Falchion   |    27 |    14 ||    41
